Map: Prion Terraces

Players

Faucet

  • Race: Zerg Zerg
  • League: Diamond

MrAlarak - Winner!

  • Race: Protoss Protoss
  • League: Diamond

VOD

Have the link to the VOD?

Description

Micro my heart out.

Time

  • Played on: Dec. 11, 2015, 12:34 a.m.
  • Length: 7:43
Show
View Real Time Build Order
Export as new Build Order

Faucet Zerg 

Build Orders: Hatch First 

Get SALT Encoding   

  12  0:01  Drone  
  13  0:13  Overlord  
  13  0:22  Drone  
  14  0:31  Drone x2  
  16  0:44  Drone  
  17  0:55  Hatchery  
  16  1:00  Drone  
  17  1:10  Spawning Pool  
  16  1:12  Drone  
  16  1:17  Drone, Extractor  
  17  1:23  Drone  
  18  1:30  Drone  
  19  1:40  Overlord  
  19  1:58  Queen  
  21  2:08  Queen  
  21  2:10  Zergling x6  
  26  2:17  Zergling x2  
  27  2:24  Zergling x2  
  27  2:25  Metabolic Boost, Zergling x2  
  29  2:31  Zergling x2  
  29  2:36  Zergling x2  
  31  2:42  Zergling x2  
  32  2:46  Baneling Nest  
  32  2:47  Overlord  
  31  3:00  Zergling x2  
  31  3:01  Zergling x2  
  31  3:19  Zergling x18  
  36  3:35  Zergling x2  
  36  3:36  Zergling x2  
  35  3:42  Baneling x2  
  35  3:45  Zergling x2  
  35  3:46  Zergling x2  
  37  3:52  Baneling  
  36  3:58  Zergling x6  
  36  3:59  Zergling x10  
  38  4:14  Zergling x4  
  36  4:18  Zergling x2  
  34  4:30  Baneling  
  33  4:37  Zergling x10  
  34  4:49  Zergling x2  
  34  4:50  Zergling x12  
  34  5:03  Zergling x2  
  34  5:04  Zergling x2  
  36  5:07  Baneling x2  
  36  5:12  Zergling x4  
  38  5:15  Roach Warren, Baneling  
  38  5:16  Baneling x7  
  38  5:19  Zergling x8  
  37  5:36  Zergling x2  
  37  5:37  Zergling x6  
  37  5:41  Overlord  
  41  5:50  Zergling x2  
  30  6:04  Zergling x2  
  30  6:05  Zergling x4  
  30  6:17  Zergling x14  
  36  6:24  Zergling x2  
  35  6:30  Baneling x3  
  35  6:32  Zergling x4  
  37  6:38  Baneling  
  37  6:39  Baneling x2  
  36  6:44  Zergling x8  
  38  6:53  Zergling x6  
  38  6:54  Zergling x2  
  41  7:00  Zergling x2  
  32  7:16  Zergling x10  
  32  7:25  Zergling x2  
Show
View Real Time Build Order
Export as new Build Order

MrAlarak Protoss - Winner!

Build Orders: 1 Gate Expand 

Get SALT Encoding   

  12  0:01  Probe (Chrono Boost)  
  13  0:12  Probe (Chrono Boost)  
  14  0:20  Pylon  
  14  0:22  Probe (Chrono Boost)  
  15  0:38  Probe (Chrono Boost)  
  15  0:41  Gateway  
  16  0:49  Probe (Chrono Boost)  
  17  1:11  Nexus  
  18  1:18  Probe (Chrono Boost)  
  18  1:20  Assimilator  
  18  1:30  Cybernetics Core  
  18  1:33  Probe (Chrono Boost)  
  19  1:43  Probe (Chrono Boost)  
  20  1:53  Pylon  
  21  1:54  Probe (Chrono Boost)  
  21  2:04  Probe (Chrono Boost)  
  22  2:11  Adept (Chrono Boost)  
  22  2:13  Warp Gate  
  22  2:14  Pylon  
  24  2:17  Assimilator  
  24  2:19  Gateway  
  24  2:22  Probe  
  25  2:35  Stalker (Chrono Boost), Probe  
  25  2:36  Probe  
  29  2:46  Probe  
  29  2:49  Probe (Chrono Boost)  
  31  2:57  Probe (Chrono Boost)  
  32  3:01  Mothership Core (Chrono Boost)  
  34  3:06  Adept x2 (Chrono Boost)  
  30  3:32  Adept (Chrono Boost)  
  32  3:43  Probe, Adept (Chrono Boost)  
  32  3:44  Probe  
  36  4:01  Pylon  
  34  4:03  Pylon  
  28  4:31  Adept  
  28  4:32  Adept  
  25  4:52  Adept  
  25  4:53  Adept  
  29  5:02  Probe x2  
  31  5:11  Adept  
  31  5:12  Adept  
  35  5:17  Gateway  
  35  5:18  Gateway  
  35  5:19  Gateway  
  35  5:20  Probe x2 (Chrono Boost)  
  37  5:21  Gateway  
  36  5:39  Adept  
  36  5:42  Adept  
  40  5:47  Probe x2 (Chrono Boost)  
  42  6:02  Adept x2  
  34  6:16  Adept x2  
  34  6:17  Adept  
  40  6:25  Adept x2  
  41  6:33  Adept  
  41  6:37  Adept x2  
  47  6:52  Stalker  
  47  6:53  Stalker  
  51  6:54  Sentry  
  51  6:55  Sentry  
  45  7:20  Adept  
  45  7:21  Adept x3  
  51  7:22  Sentry  
  49  7:37  Adept  
  49  7:41  Adept x2  
Tags
 
Add a new tag
Caveats
  • Supply blocks, unpowered buildings, or Contaminate may cause inaccurate times.
  • Supply counts are checked every 10 seconds.